 Dungeon Crawl Stone Soup version 0.20.0-15-g7f486f2 (webtiles) character file.

41 Dolanko the Ruffian (level 3, -1/31 HPs)
             Began as a Ghoul Monk on July 2, 2017.
             Slain by Sigmund
             ... wielding a +1 scythe of slicing
              (7 damage)
             ... on level 2 of the Dungeon.
             The game lasted 00:02:59 (1008 turns).

Dolanko the Ruffian (Ghoul Monk)                    Turns: 1008, Time: 00:02:59

Health: -1/31      AC:  2    Str: 15    XL:     3   Next: 52%
Magic:  2/2        EV: 12    Int:  5    God:
Gold:   74         SH:  0    Dex: 11    Spells: 2/2 levels left

rFire    . . .     SeeInvis .     - Unarmed
rCold    + . .     Gourm    .   (no shield)
rNeg     + + +     Faith    .   a - +0 robe
rPois    ∞         Spirit   .   (no helmet)
rElec    .         Reflect  .   (no cloak)
rCorr    .         Harm     .   (no gloves)
MR       .....                  (no boots)
Stlth    ++........             (no amulet)
Regen    0.0/turn               (no ring)
MPRegen  0.1/turn               (no ring)

@: rotting
A: rotting body, claws 1, carnivore 3, cold resistance 1, negative energy
resistance 3, inhibited regeneration, torment resistance, unbreathing
a: no special abilities


You were on level 2 of the Dungeon.
You were not hungry.

You visited 1 branch of the dungeon, and saw 2 of its levels.

You collected 74 gold pieces.

Inventory:

Armour
 a - a +0 robe (worn)
Jewellery
 j - an uncursed ring of fire {unknown}
Scrolls
 e - 2 scrolls of identify {unknown}
 h - a scroll of amnesia {unknown}
 k - a scroll of fear {unknown}
Potions
 b - 2 potions of curing
 g - a potion of agility {unknown}
 i - a potion of flight {unknown}
Comestibles
 c - 3 chunks of flesh
 d - a meat ration


   Skills:
 + Level 3.6 Fighting
 + Level 1.0 Armour
 - Level 2.6 Dodging
 - Level 2.1 Stealth
 * Level 4.2 Unarmed Combat


You had 2 spell levels left.
You didn't know any spells.

Dungeon Overview and Level Annotations

Branches:
Dungeon (2/15)

Altars:
Xom

Annotations:
D:2 Sigmund


Innate Abilities, Weirdness & Mutations

Your body is rotting away.
You thrive on raw meat.
You are immune to poison.
You have sharp fingernails.
You are carnivorous and can eat meat at any time.
Your flesh is cold resistant. (rC+)
You are immune to negative energy. (rN+++)
You do not regenerate when monsters are visible.
You are immune to unholy pain and torment.
You can survive without breathing.


Message History

A kobold comes into view.
Sorry, you're not good enough to have a special ability.
Eat one of 4 chunks of flesh? (ye/n/q)
You eat one of the 4 chunks of flesh.
This raw flesh tastes great!
Sigmund misses you.
It was a potion of curing.
You feel better. Sigmund casts a spell at you.
You resist with significant effort.
It was a potion of magic.
Magic courses through your body.
Sigmund points at you and mumbles some strange words.
The magic dart hits you!
Sigmund points at you and mumbles some strange words.
The puff of flame hits you!
You closely miss Sigmund. Sigmund gestures at you while chanting.
The puff of flame hits you!
* * * LOW HITPOINT WARNING * * *
You closely miss Sigmund.
Sigmund hits you with a scythe of slicing!
You die...

. .## ..# #. ##.#
..#... .# #. .K# .#
##.##@# #.##
##...#@# ...#
##......#####...##.
.........##......r.
##...(...##........
##...#..#..).....#
##....÷.#.>...###
...####..##.....#
#.....#####.....^
#.#####.## ######


You could see Sigmund and a kobold.

Vanquished Creatures
  2 dart slugs (D:1)
  2 giant cockroaches (D:1)
  13 goblins
  A hobgoblin (D:1)
  3 jackals (D:1)
  A ball python (D:1)
  5 bats
  3 kobolds (D:1)
  3 rats (D:1)
33 creatures vanquished.

Notes
Turn   | Place    | Note
-------+----------+-------------------------------------------
     0 | D:1      | Dolanko the Ghoul Monk began the quest for the Orb.
     0 | D:1      | Reached XP level 1. HP: 19/19 MP: 0/0
   290 | D:1      | Reached XP level 2. HP: 18/25 MP: 1/1
   348 | D:1      | Found a shimmering altar of Xom.
   388 | D:1      | Reached skill level 4 in Unarmed Combat
   447 | D:1      | Reached XP level 3. HP: 31/31 MP: 2/2
   558 | D:1      | Reached skill level 1 in Armour
   983 | D:2      | Noticed Sigmund
  1008 | D:2      | Slain by Sigmund

Skill      XL: |  1  2  3 |
---------------+----------+-----
Unarmed Combat | 4 |  4.2
Armour         | 1 |  1.0
Fighting       | |  3.6
Dodging        | |  2.6
Stealth        | |  2.1

Action                   || total
-------------------------++-------
Melee: Unarmed           ||    81
       Punch             ||     1
  Use: Potion            ||     2
 Stab: Sleeping          ||     4
  Eat: Meat ration       ||     1
       Chunk             ||     7
Armor: Robe              ||    17
Dodge: Dodged            ||    63
